 Dungeon Crawl Stone Soup version 0.23.0-3-gf3c87f2 (webtiles) character file.

Game seed: 11077925672039117434

80947 Lavandula the Brawler (level 15, -3/142 (143) HPs)
             Began as a Troll Wanderer on Feb 23, 2019.
             Was the Champion of Nemelex Xobeh.
             Slain by a soul eater (13 damage)
             ... summoned by the power of Zot
             ... on level 1 of the Shoals.
             The game lasted 01:13:31 (19045 turns).

Lavandula the Brawler (Troll Wanderer)             Turns: 19045, Time: 01:13:32

HP:   -3/142 (143)  AC: 12    Str: 24    XL:     15   Next: 25%
MP:   18/18         EV: 11    Int: 10    God:    Nemelex Xobeh [******]
Gold: 674           SH: 21    Dex: 10    Spells: 14/14 levels left

rFire    . . .     SeeInvis .     - Unarmed
rCold    . . .     Gourm    +   Y - +2 large shield {AC+3}
rNeg     . . .     Faith    .   N - +0 troll leather armour
rPois    .         Spirit   .   P - +1 hat {MR+}
rElec    .         Reflect  .   B - scarf {repulsion}
rCorr    .         Harm     .   (gloves unavailable)
MR       ++...                  (boots unavailable)
Stlth    ..........             o - amulet of regeneration
HPRegen  1.53/turn              q - -2 ring of strength (curse)
MPRegen  0.16/turn              T - ring of attention (curse)

@: repel missiles
A: large, unfitting armour, claws 3, fast metabolism 3, gourmand, regeneration
1, shaggy fur 1, tough skin 3
a: Draw Escape, Draw Destruction, Draw Summoning, Triple Draw, Deal Four, Stack
Five, Renounce Religion


You were on level 1 of the Shoals.
You worshipped Nemelex Xobeh.
Nemelex Xobeh was exalted by your worship.
You were very full.

You visited 4 branches of the dungeon, and saw 21 of its levels.
You visited the Abyss 2 times.
You also visited: Gauntlet.

You collected 2054 gold pieces.
You spent 1380 gold pieces at shops.

Inventory:

Hand Weapons
 F - a +0 blowgun
Missiles
 l - a throwing net
 y - 11 large rocks
 E - 15 curare-tipped needles
 Q - 10 javelins of returning (quivered)
Armour
 u - a +2 robe of fire resistance
 B - a scarf of repulsion (worn)
 N - a +0 troll leather armour (worn)
 P - a +1 hat of magic resistance (worn)
 Y - a +2 large shield of protection (worn)
Magical Staves
 R - an uncursed staff of summoning {unknown}
Jewellery
 o - an amulet of regeneration (around neck)
 q - a cursed -2 ring of strength (left claw)
 v - an uncursed amulet of faith {unknown}
 T - a cursed ring of attention (right claw)
Wands
 m - a wand of disintegration (24)
 p - a wand of flame (38)
 x - a wand of paralysis (16)
 C - a wand of polymorph (17)
 J - a wand of iceblast (29)
 O - a wand of digging (9)
 U - a wand of enslavement (23)
 Z - a wand of acid (5)
Scrolls
 a - a scroll of remove curse {unknown}
 g - a scroll of teleportation {unknown}
 i - 3 scrolls of identify {unknown}
 n - a scroll of amnesia {unknown}
 s - a scroll of fear {unknown}
 w - a scroll of silence {unknown}
 A - a scroll of enchant armour {unknown}
 D - a scroll of fog {unknown}
 S - 2 scrolls of noise {unknown}
 V - a scroll of holy word {unknown}
Potions
 b - 2 potions of lignification
 c - 5 potions of agility
 e - 3 potions of mutation {unknown}
 h - 3 potions of heal wounds {unknown}
 k - 7 potions of degeneration {unknown}
 r - 12 potions of curing {unknown}
 t - 3 potions of flight {unknown}
 z - a potion of magic {unknown}
 G - a potion of ambrosia {unknown}
 H - 5 potions of haste
 L - 3 potions of brilliance {unknown}
 M - a potion of resistance {unknown}
 W - 2 potions of might {unknown}
Miscellaneous
 f - a sack of spiders
 j - a lamp of fire (inert)
 I - a lightning rod (4/4)
 K - 2 boxes of beasts
 X - a phial of floods
Comestibles
 d - 35 rations


   Skills:
 - Level 8.2 Fighting
   Level 1.5 Long Blades
 - Level 8.2 Throwing
 - Level 7.2 Dodging
 + Level 12.7 Shields
 - Level 15.5 Unarmed Combat
 - Level 5.5 Invocations
 - Level 1.0 Evocations


You had 14 spell levels left.
You didn't know any spells.
Your spell library was empty.

Dungeon Overview and Level Annotations

Branches:
Dungeon (12/15)            Temple (0/1) D:4            Lair (6/6) D:8
 Shoals (1/4) Lair:2       Spider (0/4) Lair:2        Slime (0/5) Lair:5
    Orc (2/2) D:11            Elf (0/3) Orc:2

Altars:
Cheibriados
Fedhas
Hepliaklqana
Kikubaaqudgha
Makhleb
Nemelex Xobeh
Okawaru
Qazlal
Ru
Sif Muna
Trog
Uskayaw
Wu Jian
Xom
Yredelemnul
Beogh
Jiyva

Shops:
D:4 [   D:9 [   D:10 }   Orc:2 %[(

Annotations:
Lair:5 1 runed translucent door, exclusion: 3 oklob plants
Shoals:1 Jafont's ghost, journeyman HOFE


Innate Abilities, Weirdness & Mutations

You are too large for most types of armour.
You have claws for hands.
Your metabolism is lightning-fast.
You like to eat raw meat.
Your natural rate of healing is unusually fast.
You are covered in fur. (AC +1)
You have extremely tough skin. (AC +3)


Message History

The sea snake dies!
Your smoke demon gestures at the wind drake.
The ball of steam misses the wind drake.
The wind drake is engulfed in a cloud of scalding steam.
The wind drake bites your smoke demon!
Unknown command.
Evoke which item? (* to show all) (? for menu, Esc to quit)
Okay, then.
Unknown command.
Okay, then.
Okay, then.
You draw a card...
You have drawn the Elements.
The merfolk aquamancer is engulfed in noxious fumes.
The merfolk aquamancer points at you and mumbles some strange words.
The ball of steam hits you!!!
* * * LOW HITPOINT WARNING * * *
Your rakshasa hits the merfolk but does no damage.
The soul eater hits you!
You die...
Your body glows with a rainbow of weird colours and disappears.

....##......####.≈≈...≈≈≈≈≈≈≈≈.≈≈
....#....[....#.......≈≈≈..≈≈.##.
≈........[....................#
≈≈.......)..≈≈≈.†......^...######
......###...≈..†..≈.....≈≈≈#⌠.m.m
.###..# #..≈≈≈..≈.≈.§..^.^≈#.§§#.
.###..###..≈..h.§≈m...t§...#^.^.§
..........≈...l.§☼§..@k^...#§#.#(
###.≈≈..........@3mW.3○.^..'^.W§.
###.≈≈≈≈≈....§Y§≈.R)..○^...'.#.#[
#..≈≈≈≈≈≈≈≈≈≈§§≈≈....○.°...'..ktm
..≈≈≈≈≈≈≈≈≈≈≈.§...°°...^...#)#.#[
≈≈≈≈≈≈≈≈≈≈≈≈≈≈≈.........?.^#..^..
≈≈≈≈≈≈≈≈≈≈≈≈≈.≈≈.......^...#...#.
≈≈≈≈≈≈≈≈≈≈≈≈≈≈≈...........^#⌠.^.⌠
≈≈≈≈≈≈≈≈≈≈≈≈≈≈.........^...# ###
≈≈≈≈≈≈≈≈≈≈≈


You could see a merfolk aquamancer, a snapping turtle, a soul eater, a wind
drake, a merfolk, Jafont's ghost, a friendly rakshasa, a friendly smoke demon, a
friendly raiju, a friendly basilisk, a friendly ice beast and the friendly
Lavandula's illusion.

Vanquished Creatures
  3 tentacled starspawn (Abyss:1)
  A spark wasp (Lair:5)
  A minotaur (Gauntlet)
  A merfolk impaler (Shoals:1)
  A centaur warrior (D:12)
  A hydra (Lair:6)
  3 catoblepae (Lair:6)
  A two-headed ogre (D:11)
  13 death yaks
  An orc high priest (Orc:2)
  A thrashing horror (Abyss:1)
  A shadow wraith (Abyss:1)
  An unseen horror (D:10)
  3 sea snakes (Shoals:1)
  An orange crystal statue (Gauntlet)
  An orc knight (D:11)
  A large abomination (Abyss:1)
  An oklob plant (Gauntlet)
  An ugly thing (D:12)
  A deep elf mage (D:12)
  5 manticores
  3 cyclopes
  A centaur zombie (D:11)
  9 elephants
  6 black mambas
  3 water nymphs (Shoals:1)
  6 spiny frogs
  A tormentor (Abyss:1)
  3 komodo dragons
  2 ancient zymes (Abyss:1)
  2 merfolk (Shoals:1)
  A wind drake (Shoals:1)
  2 polar bears
  2 trolls
  6 slime creatures (D:12)
  A raiju (Abyss:1)
  10 blink frogs
  6 hippogriffs
  7 dream sheep
  4 starcursed masses (Abyss:1)
  3 ynoxinuls (Abyss:1)
  2 wyverns (D:8)
  A wraith (D:10)
  49 yaks
  A tarantella (Lair:2)
  2 hogs (Lair:3)
  2 basilisks
  2 hungry ghosts
  A chaos spawn (Abyss:1)
  A steam dragon (Orc:2)
  3 wargs
  An acid dragon (Gauntlet)
  6 water moccasins
  A floating eye (Gauntlet)
  3 porcupines
  27 orc warriors
  5 ice beasts
  A swamp drake (D:8)
  6 sky beasts
  4 phantoms
  An eye of draining (D:10)
  12 ogres
  A necrophage (D:12)
  12 wolves
  A boggart (Lair:5)
  13 centaurs
  2 small abominations (Abyss:1)
  A tengu (Gauntlet)
  17 crocodiles
  A big kobold (shapeshifter) (Orc:1)
  5 big kobolds
  12 bullfrogs
  2 scorpions
  3 vampire bats (D:8)
  3 wights (D:7)
  6 howler monkeys
  4 crimson imps
  A bullfrog zombie (D:7)
  5 jellies
  27 orc priests
  4 centaur skeletons
  3 hounds
  27 orc wizards
  2 bullfrog skeletons
  Jessica (D:2)
  5 iguanas
  Ijyb (D:3)
  3 worker ants
  4 hound skeletons
  Robin (D:2)
  11 gnolls
  2 river rats (D:5)
  10 adders
  3 shadow imps
  A white imp (Abyss:1)
  An ufetubus (Abyss:1)
  An ooze (Orc:2)
  An adder skeleton (D:4)
  2 worms
  2 dart slugs (D:1)
  5 leopard geckos
  123 orcs
  6 ball pythons
  2 bat skeletons (D:8)
  2 bat zombies (D:8)
  7 giant cockroaches
  10 goblins
  16 hobgoblins
  10 jackals
  5 quokkas
  7 bats
  10 frilled lizards
  A jackal zombie (D:5)
  18 kobolds
  14 rats
  3 fungi
  3 plants
  A starspawn tentacle (Abyss:1)
696 creatures vanquished.

Vanquished Creatures (collateral kills)
  A profane servitor (Abyss:1)
  A storm dragon (Orc:2)
  An orc warlord (Orc:2)
  A reaper (Abyss:1)
  3 hydras
  A merfolk aquamancer (Shoals:1)
  A death yak (Lair:6)
  Urug (Lair:2)
  A sea snake (Shoals:1)
  3 harpies (Shoals:1)
  An orc sorcerer (Orc:2)
  A manticore (Lair:2)
  A komodo dragon (Lair:6)
  A merfolk (Shoals:1)
  A troll (Orc:2)
  3 hippogriffs
  4 yaks (Lair:6)
  A small abomination (Abyss:1)
  A water moccasin (Lair:2)
  2 porcupines (Lair:2)
  9 orc warriors
  A crocodile (Lair:2)
  A quasit (Abyss:1)
  2 orc priests (Orc:2)
  2 oozes (Orc:2)
  11 orcs (Orc:2)
  A fungus (Lair:2)
  A plant (Lair:6)
58 creatures vanquished.

Vanquished Creatures (others)
  Pikel (D:7)
  2 manticores
  An oklob plant (Lair:5)
  4 blink frogs (Lair:6)
  2 dream sheep (Shoals:1)
  A yak (Lair:6)
  A water moccasin (Lair:6)
  2 slaves (D:7)
  2 ball lightnings
  8 orcs (Orc:1)
  12 fungi
  17 plants
  9 starspawn tentacles (Abyss:1)
62 creatures vanquished.

Grand Total: 816 creatures vanquished

Notes
Turn   | Place    | Note
-------+----------+-------------------------------------------
     0 | D:1      | Lavandula the Troll Wanderer began the quest for the Orb.
     0 | D:1      | Lavandula set off with the following items: a +2 robe, 2
                  | potions of lignification, a +0 club, 2 rations
     0 | D:1      | Reached XP level 1. HP: 19/19 MP: 0/0
   110 | D:1      | Reached XP level 2. HP: 26/27 MP: 1/1
   280 | D:1      | Reached skill level 3 in Unarmed Combat
   837 | D:2      | Reached XP level 3. HP: 33/33 MP: 2/2
   936 | D:2      | Found a faded altar of an unknown god.
   950 | D:2      | Became a worshipper of Nemelex Xobeh the Trickster
   950 | D:2      | Received a gift from Nemelex Xobeh
   950 | D:2      | Reached * piety under Nemelex Xobeh
   950 | D:2      | Received a gift from Nemelex Xobeh
  1176 | D:2      | Reached skill level 4 in Unarmed Combat
  1276 | D:2      | Noticed Robin
  1305 | D:2      | Killed Robin
  1310 | D:2      | Reached XP level 4. HP: 27/41 MP: 3/3
  1470 | D:2      | Found a blossoming altar of Fedhas.
  1471 | D:2      | Noticed Jessica
  1478 | D:2      | Killed Jessica
  1550 | D:3      | Reached skill level 5 in Unarmed Combat
  1555 | D:3      | Noticed Ijyb
  1700 | D:3      | Reached XP level 5. HP: 48/48 MP: 4/4
  1838 | D:3      | Killed Ijyb
  1992 | D:3      | Received a gift from Nemelex Xobeh
  2091 | D:3      | Reached skill level 6 in Unarmed Combat
  2100 | D:3      | Reached XP level 6. HP: 38/55 MP: 5/5
  2117 | D:3      | Found a hide-covered altar of Uskayaw.
  2360 | D:4      | Found a sacrificial altar of Ru.
  2363 | D:4      | Noticed a sky beast
  2380 | D:4      | Killed a sky beast
  2380 | D:4      | Reached skill level 7 in Unarmed Combat
  2415 | D:4      | Noticed an orc warrior
  2415 | D:4      | Found a staircase to the Ecumenical Temple.
  2432 | D:4      | Killed an orc warrior
  2435 | D:4      | Reached XP level 7. HP: 44/62 MP: 0/6
  2543 | D:4      | Found a burning altar of Makhleb.
  2688 | D:4      | Found a hazy altar of Hepliaklqana.
  2730 | D:4      | Reached ** piety under Nemelex Xobeh
  3354 | D:4      | Found Binaif's Armour Emporium.
  3430 | D:5      | Entered Level 5 of the Dungeon
  3599 | D:5      | Found an ornate altar of the Wu Jian Council.
  3652 | D:5      | Reached skill level 8 in Unarmed Combat
  3722 | D:5      | Reached XP level 8. HP: 70/70 MP: 7/7
  3890 | D:5      | Reached skill level 9 in Unarmed Combat
  4203 | D:5      | Found a sparkling altar of Nemelex Xobeh.
  4428 | D:6      | Reached *** piety under Nemelex Xobeh
  4436 | D:6      | Received a gift from Nemelex Xobeh
  4558 | D:6      | Reached skill level 10 in Unarmed Combat
  5087 | D:6      | Received a gift from Nemelex Xobeh
  5368 | D:7      | Found an iron altar of Okawaru.
  5371 | D:7      | Noticed Pikel
  5442 | D:7      | Killed Pikel
  5442 | D:7      | Reached skill level 5 in Fighting
  5442 | D:7      | Reached XP level 9. HP: 55/88 MP: 8/8
  5496 | D:7      | Received a gift from Nemelex Xobeh
  5606 | D:7      | Reached **** piety under Nemelex Xobeh
  5722 | D:7      | Reached skill level 5 in Dodging
  5968 | D:7      | Received a gift from Nemelex Xobeh
  6241 | D:8      | Noticed Psyche
  6243 | D:8      | Noticed Psyche
  6243 | D:8      | Psyche changed into Psyche the water moccasin
  6273 | D:8      | Killed Psyche the water moccasin
  6327 | D:8      | Found an iron altar of Okawaru.
  6395 | D:8      | Found an ancient bone altar of Kikubaaqudgha.
  6530 | D:8      | Found a bloodstained altar of Trog.
  6625 | D:8      | Reached XP level 10. HP: 96/96 MP: 9/9
  6635 | D:8      | Received a gift from Nemelex Xobeh
  6753 | D:8      | Reached skill level 1 in Invocations
  6995 | D:8      | Found a staircase to the Lair.
  7240 | D:9      | Received a gift from Nemelex Xobeh
  7354 | D:9      | Found a stormy altar of Qazlal.
  7435 | D:9      | Found an ancient bone altar of Kikubaaqudgha.
  7463 | D:9      | Found a blossoming altar of Fedhas.
  7593 | D:9      | Received a gift from Nemelex Xobeh
  7646 | D:9      | Found Nyisaree's Armour Shop.
  7663 | D:9      | Reached ***** piety under Nemelex Xobeh
  7889 | D:9      | Found a shattered altar of Ashenzari.
  7889 | D:9      | Found a hide-covered altar of Uskayaw.
  7891 | D:9      | Found a basalt altar of Yredelemnul.
  7891 | D:9      | Found a snail-covered altar of Cheibriados.
  7891 | D:9      | Found a shimmering altar of Xom.
  8099 | Lair:1   | Entered Level 1 of the Lair of Beasts
  8103 | Lair:1   | Found a gate leading to a gauntlet.
  8118 | Gauntlet | Entered a Gauntlet
  8118 | Gauntlet | Found a transporter.
  8118 | Gauntlet | Found a transporter.
  8118 | Gauntlet | Found a transporter.
  8118 | Gauntlet | Noticed an oklob plant
  8120 | Gauntlet | Found a transporter.
  8120 | Gauntlet | Found a transporter.
  8120 | Gauntlet | Noticed an oklob plant
  8123 | Gauntlet | Found a transporter.
  8132 | Gauntlet | Found a transporter.
  8133 | Gauntlet | Found a transporter.
  8133 | Gauntlet | Noticed a moth of wrath
  8134 | Gauntlet | Found a transporter.
  8138 | Gauntlet | Found a transporter.
  8139 | Gauntlet | Noticed a fire crab
  8141 | Gauntlet | Noticed a queen ant
  8142 | Gauntlet | Noticed an orange crystal statue
  8144 | Gauntlet | Found a transporter.
  8148 | Gauntlet | Found a transporter.
  8159 | Gauntlet | Received a gift from Nemelex Xobeh
  8268 | Gauntlet | Killed an oklob plant
  8277 | Gauntlet | Reached skill level 5 in Throwing
  8281 | Gauntlet | a moth of wrath changed into a floating eye
  8284 | Gauntlet | Paralysed by a floating eye for 2 turns
  8335 | Gauntlet | Killed an orange crystal statue
  8377 | Gauntlet | Noticed a minotaur
  8392 | Gauntlet | Killed a minotaur
  8392 | Gauntlet | Reached XP level 11. HP: 94/104 MP: 13/13
  8863 | Lair:1   | Noticed a seven-headed hydra
  8868 | Lair:1   | Killed a seven-headed hydra
  9097 | Lair:2   | Noticed Urug
  9112 | Lair:2   | Noticed a six-headed hydra
  9113 | Lair:2   | Killed Urug
  9113 | Lair:2   | Reached skill level 11 in Unarmed Combat
  9120 | Lair:2   | Killed a six-headed hydra
  9135 | Lair:2   | Found a staircase to the Shoals.
  9144 | Lair:2   | Received a gift from Nemelex Xobeh
  9209 | Lair:2   | Reached skill level 12 in Unarmed Combat
  9304 | Lair:2   | Found a hole to the Spider Nest.
  9919 | Lair:3   | Received a gift from Nemelex Xobeh
  9952 | Lair:3   | Reached skill level 13 in Unarmed Combat
  9952 | Lair:3   | Reached XP level 12. HP: 83/111 MP: 14/14
 10057 | Lair:3   | You fall through a shaft for 3 floors!
 10057 | Lair:6   | Entered Level 6 of the Lair of Beasts
 10249 | Lair:6   | Reached skill level 14 in Unarmed Combat
 10262 | Lair:6   | Received a gift from Nemelex Xobeh
 10384 | Lair:6   | Noticed a seven-headed hydra
 10394 | Lair:6   | Killed an eight-headed hydra
 10522 | Lair:6   | Noticed an eight-headed hydra
 10530 | Lair:6   | Killed an eight-headed hydra
 10591 | Lair:6   | Received a gift from Nemelex Xobeh
 10792 | Lair:6   | Noticed a catoblepas
 10803 | Lair:6   | Killed a catoblepas
 10816 | Lair:6   | Noticed a death yak
 10816 | Lair:6   | Noticed a death yak
 10824 | Lair:6   | Killed a death yak
 10824 | Lair:6   | Reached skill level 1 in Shields
 10829 | Lair:6   | Killed a death yak
 10848 | Lair:6   | Noticed a death yak
 10864 | Lair:6   | Killed a death yak
 10864 | Lair:6   | Noticed a catoblepas
 10866 | Lair:6   | Noticed a death yak
 11039 | Lair:6   | Killed a death yak
 11062 | Lair:6   | Killed a catoblepas
 11103 | Lair:6   | Noticed a death yak
 11105 | Lair:6   | Noticed a death yak
 11125 | Lair:6   | Killed a death yak
 11125 | Lair:6   | Reached XP level 13. HP: 95/127 MP: 15/15
 11576 | Lair:5   | Noticed a spark wasp
 11576 | Lair:5   | a six-headed hydra changed into a spark wasp
 11581 | Lair:5   | Killed a spark wasp
 11979 | Lair:5   | Reached skill level 5 in Invocations
 12041 | Lair:5   | Received a gift from Nemelex Xobeh
 12229 | Lair:5   | Reached skill level 15 in Unarmed Combat
 12295 | Lair:5   | Found a runed translucent door.
 12295 | Lair:5   | Found a viscous altar of Jiyva.
 12295 | Lair:5   | Noticed an azure jelly
 12295 | Lair:5   | Noticed an azure jelly
 12296 | Lair:5   | Found a staircase to the Slime Pits.
 12590 | Lair:4   | Received a gift from Nemelex Xobeh
 12965 | Lair:4   | Reached skill level 5 in Shields
 13079 | Lair:4   | Reached ****** piety under Nemelex Xobeh
 13511 | Lair:3   | Received a gift from Nemelex Xobeh
 13874 | Lair:3   | You fall through a shaft!
 14210 | D:10     | Entered Level 10 of the Dungeon
 14211 | D:10     | Received a gift from Nemelex Xobeh
 14273 | D:10     | Found a roughly hewn altar of Beogh.
 14447 | D:10     | Reached XP level 14. HP: 136/136 MP: 15/17
 14524 | D:10     | Found Moal's Gadget Boutique.
 14635 | D:10     | Received a gift from Nemelex Xobeh
 15070 | D:11     | Found a roughly hewn altar of Beogh.
 15070 | D:11     | Found a staircase to the Orcish Mines.
 15346 | D:11     | Found a deep blue altar of Sif Muna.
 15682 | D:12     | Received a gift from Nemelex Xobeh
 15894 | Orc:1    | Entered Level 1 of the Orcish Mines
 15915 | Orc:1    | Received a gift from Nemelex Xobeh
 16130 | Orc:1    | Found a roughly hewn altar of Beogh.
 16201 | Orc:2    | Entered Level 2 of the Orcish Mines
 16267 | Orc:2    | Received a gift from Nemelex Xobeh
 16314 | Orc:2    | Found a roughly hewn altar of Beogh.
 16371 | Orc:2    | Found a roughly hewn altar of Beogh.
 16383 | Orc:2    | Found Guvareg's Food Shop.
 16499 | Orc:2    | Found a staircase to the Elven Halls.
 16591 | Orc:2    | Found a roughly hewn altar of Beogh.
 16647 | Orc:2    | Received a gift from Nemelex Xobeh
 16696 | Orc:2    | Noticed an orc warlord
 16707 | Orc:2    | Killed an orc warlord
 16826 | Orc:2    | Found a roughly hewn altar of Beogh.
 16922 | Orc:2    | Noticed an orc warlord
 16932 | Orc:2    | Noticed a storm dragon
 16932 | Orc:2    | an orc warlord changed into a storm dragon
 17133 | Orc:2    | Killed a storm dragon
 17224 | Orc:2    | Reached skill level 10 in Shields
 17262 | Orc:2    | Found a roughly hewn altar of Beogh.
 17273 | Orc:2    | Found a roughly hewn altar of Beogh.
 17282 | Orc:2    | Found Woakelua's Weapon Emporium.
 17337 | Orc:2    | Found Gaisu's Antique Weapon Emporium.
 17338 | Orc:2    | Found a roughly hewn altar of Beogh.
 17339 | Orc:2    | Found Oreolar's Antique Armour Shoppe.
 17502 | D:10     | Bought a lightning rod (4/4) for 600 gold pieces
 17502 | D:10     | Bought a box of beasts for 300 gold pieces
 17502 | D:10     | Bought a box of beasts for 300 gold pieces
 17502 | D:10     | Bought a wand of enslavement (10) for 180 gold pieces
 17552 | D:12     | Received a gift from Nemelex Xobeh
 17791 | D:12     | Cast into level 1 of the Abyss (drawing a card)
 17792 | Abyss:1  | Found a corrupted altar of Lugonu.
 17811 | Abyss:1  | Received a gift from Nemelex Xobeh
 17859 | Abyss:1  | Noticed a tentacled starspawn
 17875 | Abyss:1  | Noticed a profane servitor
 17897 | Abyss:1  | Noticed a reaper
 17901 | Abyss:1  | Killed a profane servitor
 17914 | Abyss:1  | Received a gift from Nemelex Xobeh
 18015 | Abyss:1  | Killed a reaper
 18122 | Abyss:1  | Noticed a tentacled starspawn
 18138 | Abyss:1  | Killed a tentacled starspawn
 18202 | Abyss:1  | Noticed a tentacled starspawn
 18213 | Abyss:1  | Killed a tentacled starspawn
 18236 | Abyss:1  | Noticed a tentacled starspawn
 18247 | Abyss:1  | Noticed a starcursed mass
 18258 | Abyss:1  | Killed a tentacled starspawn
 18280 | D:12     | Escaped the Abyss
 18287 | D:12     | Reached XP level 15. HP: 99/142 MP: 18/18
 18330 | D:12     | Received a gift from Nemelex Xobeh
 18342 | D:12     | Found the +0 sword of Power
 18546 | Shoals:1 | Entered Level 1 of the Shoals
 18875 | Shoals:1 | Received a gift from Nemelex Xobeh
 18977 | Shoals:1 | Found a runed translucent gate.
 18978 | Shoals:1 | Found a runed translucent gate.
 18979 | Shoals:1 | Found a runed translucent gate.
 18979 | Shoals:1 | Noticed Jafont's ghost (journeyman HOFE)
 19002 | Shoals:1 | Cast into level 2 of the Abyss (a Zot trap)
 19032 | Shoals:1 | Escaped the Abyss
 19045 | Shoals:1 | Slain by a soul eater

Skill      XL: |  1  2  3  4  5  6  7  8  9 10 11 12 13 14 15 |
---------------+----------------------------------------------+-----
Unarmed Combat | 3 4 5 6 7 8 10 13 14 15 | 15.5
Dodging        | 2 3 7 |  7.2
Fighting       | 5 7 8 |  8.2
Invocations    | 4 5 |  5.5
Throwing       | 6 8 |  8.2
Shields        | 4 7 11 12 | 12.7
Long Blades    | |  1.5
Evocations     | |  1.0

Action                   |  1- 3 |  4- 6 |  7- 9 | 10-12 | 13-15 || total
-------------------------+-------+-------+-------+-------+-------++-------
Melee: Unarmed           |    97 |   196 |   387 |   410 |  1042 ||  2132
       Punch             |     1 |     1 |    12 |    23 |    18 ||    55
Throw: Tomahawk          |     2 |     9 |    32 |    13 |       ||    56
       Javelin           |       |       |       |    52 |   150 ||   202
Invok: Triple Draw       |       |       |       |     1 |       ||     1
 Abil: Draw Destruction  |       |       |     5 |    35 |    42 ||    82
       Draw Summoning    |       |       |     1 |    15 |    18 ||    34
       Draw Escape       |       |       |       |     4 |    10 ||    14
Evoke: Wand              |       |       |     4 |     2 |    17 ||    23
       Lamp of fire      |       |       |       |       |     2 ||     2
 Stab: Sleeping          |     2 |       |       |       |       ||     2
       Distracted        |       |       |     1 |     1 |     1 ||     3
       Confused          |       |       |       |     1 |       ||     1
       Paralysed         |       |       |       |       |     2 ||     2
       Petrifying        |       |       |       |       |     1 ||     1
       Petrified         |       |       |       |       |     1 ||     1
  Eat: Chunk             |    15 |    12 |    35 |    42 |    82 ||   186
       Ration            |       |       |     1 |       |       ||     1
Armor: Robe              |    34 |    56 |   116 |     1 |       ||   207
       Troll leather arm |       |       |       |    94 |   173 ||   267
Dodge: Dodged            |    46 |    86 |   173 |   154 |   187 ||   646
       Deflected         |       |       |       |       |     8 ||     8
Block: Large shield      |       |       |       |       |   625 ||   625
